 Dungeon Crawl Stone Soup version 0.27-a0-1046-g98bf315 (webtiles) character file.

Game seed: 4699868107107351260

28910 HDogLeCool the Fighter (level 13, -16/178 HPs)
             Began as a Green Draconian Monk on Apr 19, 2021.
             Was a High Priest of Makhleb.
             Demolished by a death knight
             ... wielding a +4 vorpal halberd
              (20 damage)
             ... on level 12 of the Dungeon.
             The game lasted 01:00:18 (19778 turns).

HDogLeCool the Fighter (Green Draconian Monk)      Turns: 19778, Time: 01:00:20

Health: -16/178    AC: 30    Str: 20    XL:     13   Next: 12%
Magic:  21/21      EV:  2    Int: 11    God:    Makhleb [*****.]
Gold:   1315       SH: 13    Dex: 18    Spells: 11/12 levels left

rFire    . . .     SeeInvis .   R - +2 trident (flame)
rCold    . . .     Faith    .   I - +0 kite shield
rNeg     + + +     Spirit   .   (armour unavailable)
rPois    +         Reflect  .   (helmet currently unavailable)
rElec    .         Harm     .   (cloak currently unavailable)
rCorr    +         Rampage  .   (gloves currently unavailable)
Will     .....     NoTele   +   (boots currently unavailable)
Stlth    ++........             x - amulet of magic regeneration
HPRegen  0.39/turn              h - ring "Siefaw" {rCorr Dex+4 Slay+3}
MPRegen  0.42/turn              G - +4 ring of protection

@: tree-form
A: stationary, stasis, torment immunity, boosted hp, (breathe noxious fumes), AC
+8, unfitting armour, (poison resistance), (cold-blooded), (camouflage 1),
strong 1
a: Renounce Religion, Minor Destruction, Lesser Servant of Makhleb, Major
Destruction, Greater Servant of Makhleb


You were on level 12 of the Dungeon.
You worshipped Makhleb.
Makhleb was extremely pleased with you.
You were a tree.
You visited 4 branches of the dungeon, and saw 18 of its levels.
You also visited: Sewer and Gauntlet.

You collected 1315 gold pieces.

Inventory:

Hand Weapons
 a - a +3 trident
 n - a +0 hunting sling
 R - a +2 trident of flaming (weapon)
Missiles
 b - 327 stones (quivered)
 p - 7 boomerangs of dispersal
 q - 26 boomerangs
 M - 2 curare-tipped darts
 O - 7 throwing nets
Armour
 o - a +1 pair of boots (melded)
 s - a +0 cloak (melded)
 u - a +0 pair of gloves
 z - the +1 pair of gloves of Foolhardiness (melded) {Drain rPois Str+3 Dex+7}
   (You found it on level 5 of the Dungeon)

   It affects your strength (+3).
   It affects your dexterity (+7).
   It protects you from poison.
   It drains your maximum health when unequipped.
 I - a +0 kite shield (worn)
Jewellery
 f - a ring of see invisible
 h - the ring "Siefaw" (left branch) {rCorr Dex+4 Slay+3}
   (You acquired it on level 7 of the Dungeon)

   [ring of resist corrosion]

   It affects your dexterity (+4).
   It affects your accuracy and damage with ranged weapons and melee attacks
   (+3).
   It protects you from acid and corrosion.
 k - a ring of magical power
 t - a ring of protection from cold
 x - an amulet of magic regeneration (around neck)
 D - an amulet of reflection
 G - a +4 ring of protection (right branch)
 N - a +4 ring of evasion
Wands
 E - a wand of paralysis (10)
 K - a wand of flame (50)
 Q - a wand of acid (12)
Scrolls
 j - 3 scrolls of teleportation
 l - 3 scrolls of enchant armour
 m - a scroll of holy word
 r - a scroll of amnesia
 v - 2 scrolls of summoning
 A - a scroll of torment
 C - 2 scrolls of noise
 H - 3 scrolls of enchant weapon {unknown}
 L - a scroll of fog {unknown}
 S - a scroll of blinking
 U - a scroll of magic mapping
Potions
 c - 2 potions of flight
 d - 3 potions of lignification
 e - 4 potions of haste
 g - a potion of mutation
 i - 2 potions of might
 w - a potion of curing
 B - a potion of degeneration
 F - 2 potions of attraction
 J - a potion of magic
 T - a potion of cancellation


   Skills:
 + Level 12.9 Fighting
 + Level 10.6 Polearms
 - Level 5.9 Dodging
 - Level 1.7 Stealth
 * Level 11.6 Shields
 - Level 1.0 Necromancy
 + Level 10.8 Invocations


You had 11 spell levels left.
You knew the following spells:

 Your Spells              Type           Power      Damage    Failure   Level
a - Pain                  Necr           8%         1d4       34%         1

Your spell library contained the following spells:

 Spells                   Type           Power      Damage    Failure   Level
 Animate Skeleton         Necr           4%         N/A       34%         1
 Apportation              Tloc           0%         N/A       47%         1
 Beastly Appendage        Tmut           0%         N/A       47%         1
 Corona                   Hex            0%         N/A       47%         1
 Magic Dart               Conj           0%         1d3       47%         1
 Summon Small Mammal      Summ           0%         N/A       47%         1
 Passwall                 Tmut/Erth      0%         N/A       63%         2
 Searing Ray              Conj           0%         3d3       63%         2
 Wereblood                Tmut           0%         N/A       63%         2
 Vampiric Draining        Necr           1%         2d6       71%         3
 Confusing Touch          Hex            0%         N/A       85%         3
 Dazzling Flash           Conj/Hex       0%         N/A       85%         3
 Gell's Gravitas          Tloc           0%         N/A       85%         3
 Spider Form              Tmut/Pois      0%         N/A       85%         3
 Swiftness                Air            0%         N/A       85%         3
 Animate Dead             Necr           1%         N/A       98%         4
 Fulminant Prism          Conj/Hex       0%         3d6       99%         4
 Ice Form                 Ice/Tmut       0%         N/A       99%         4
 Iskenderun's Mystic Bla  Conj/Tloc      0%         2d3       99%         4
 Passage of Golubria      Tloc           N/A        N/A       99%         4
 Petrify                  Tmut/Erth      0%         N/A       99%         4
 Agony                    Necr           2%         N/A       100%        5
 Hydra Form               Tmut           0%         N/A       100%        5
 Lee's Rapid Deconstruct  Erth           0%         3d5*      100%        5
 Metabolic Englaciation   Hex/Ice        0%         N/A       100%        5
 Yara's Violent Unravell  Hex/Tmut       0%         3d3       100%        5
 Invisibility             Hex            0%         N/A       100%        6


Dungeon Overview and Level Annotations

Branches:
Dungeon (12/15)            Temple (1/1) D:5            Lair (3/6) D:11
 Shoals (0/4) Lair:3       Spider (0/4) Lair:2          Orc (2/2) D:9
    Elf (0/3) Orc:2         Sewer (visited)         Gauntlet (visited)

Altars:
Ashenzari
Cheibriados
Dithmenos
Elyvilon
Fedhas
Gozag
Hepliaklqana
Kikubaaqudgha
Makhleb
Nemelex Xobeh
Okawaru
Qazlal
Ru
Sif Muna
Trog
Uskayaw
Vehumet
Wu Jian
Xom
Yredelemnul
Zin
The Shining One

Shops:
D:2 *[[

Annotations:
D:4 3 runed translucent doors, lunatic's ghost, novice DrTm
Lair:1 2 transporters, RazingBull's ghost, journeyman MiBe


Innate Abilities, Weirdness & Mutations

You are a tree.
Your roots penetrate the ground, keeping you stationary.
You cannot be teleported.
You are immune to unholy pain and torment.
Your maximum health is greatly increased.
Your equipment is partially melded.
((You can breathe blasts of noxious fumes.))
((Your lurid green scales are hard. (AC +8)))
You cannot fit into any form of body armour.
((Your system is resistant to poisons. (rPois)))
((You are cold-blooded and may be slowed by cold attacks.))
((Your skin changes colour to match your surroundings (Stealth+).))
Your muscles are strong. (Str +2)


Message History

You feel better.
You feel very sick. You block the death knight's attack.
You block the skeletal warrior's attack.
The freezing wraith completely misses you.
You block the freezing wraith's attack.
A demon appears!
You feel very sick.
The skeletal warrior hits you but does no damage.
The death knight offers itself to Yredelemnul, and fills with unholy energy.
The freezing wraith hits you but does no damage.
You block the freezing wraith's attack.
You barely miss the wraith.
You feel sick. The wraith closely misses you.
The death knight closely misses you.
You block the skeletal warrior's attack.
The freezing wraith completely misses you.
You block the freezing wraith's attack.
You feel sick.
You hit the wraith. You burn the wraith.
You tail-slap the wraith, but do no damage.
The wraith is moderately damaged.
You feel sick.
Your ynoxinul hits the wraith! The wraith completely misses you.
The death knight hits you from afar with a +4 vorpal halberd!!
* * * LOW HITPOINT WARNING * * *
x2 You hit the wraith but do no damage.
The wraith is heavily damaged.
You feel sick.
Your ynoxinul closely misses the wraith.
The wraith hits you but does no damage.
You feel better.
The death knight hits you from afar with a +4 vorpal halberd!
* * * LOW HITPOINT WARNING * * *
x2 Your ynoxinul closely misses the freezing wraith.
Really quaff the potion of lignification?
You turn into a tree.
Your +0 cloak melds into your body.
The +1 pair of gloves of Foolhardiness {Drain rPois Str+3 Dex+7} melds into your body.
Your +1 pair of boots melds into your body.
Your roots penetrate the ground.
The death knight hits you from afar with a +4 vorpal halberd!!
You die...

###################### ##
#..................... ..
#..................... ..
#..................... ..
#............3.z...... <.
#......#.....♣Wp...... ..
#......########W....##########
#......#......#.....#.........
#......#......#.....#.........
#......#......#.....#.........
#......#......#?....#.........
#......#.....# ###########....
#......#.....# #....
#............# #....


You could see a death knight (reflects damage), a skeletal warrior, a freezing
wraith (ally target), a wraith and a friendly ynoxinul (summoned).

Vanquished Creatures
  Snorg (D:10)
  6 two-headed ogres
  An orc high priest (Orc:1)
  3 orc knights
  An orc sorcerer (Orc:2)
  3 black mambas
  5 cane toads
  Maggie (D:6)
  A kobold demonologist (D:12)
  A komodo dragon (Lair:1)
  A rime drake (Lair:1)
  7 trolls
  3 slime creatures (D:12)
  A shadow (D:12)
  A wraith (D:12)
  A wyvern (D:10)
  A vampire (D:9)
  31 yaks
  A steam dragon (D:8)
  A basilisk (D:11)
  A vampire mosquito (D:10)
  An acid dragon (D:12)
  A warg (Orc:1)
  4 water moccasins
  14 orc warriors
  A sky beast (D:6)
  An ice beast (D:7)
  A black bear (D:7)
  A necrophage (D:5)
  3 centaurs
  38 wolves
  A kobold brigand (Sewer)
  5 bullfrogs
  2 gnoll sergeants
  A wyvern zombie (D:6)
  A scorpion (D:7)
  A water moccasin skeleton (D:7)
  4 killer bees (D:8)
  6 wights
  3 howler monkeys (D:7)
  6 centaur zombies
  9 orc priests
  A gnoll shaman (D:7)
  A hound (D:6)
  A jelly (D:8)
  3 bullfrog skeletons (D:5)
  An iguana (D:6)
  12 orc wizards
  A howler monkey zombie (D:9)
  23 gnolls
  7 adders
  2 white imps
  4 worms
  47 orcs
  6 ball pythons
  13 bats
  7 endoplasms
  6 giant cockroaches
  9 goblins
  4 hobgoblins
  11 jackals
  10 kobolds
  4 quokkas
  2 frilled lizards
  12 rats
  A butterfly (D:5)
364 creatures vanquished.

Vanquished Creatures (collateral kills)
  An orc warlord (Orc:2)
  A two-headed ogre (D:10)
  An orc knight (Orc:2)
  An orc sorcerer (Orc:2)
  A manticore (D:11)
  A spriggan (D:11)
  A shadow (D:11)
  A wraith (D:11)
  5 yaks
  A water moccasin (D:5)
  6 orc warriors
  2 wolves (Lair:1)
  A gnoll sergeant (D:11)
  A killer bee (D:8)
  An orc priest (D:11)
  An iguana (D:5)
  An orc wizard (Orc:2)
  2 gnolls (D:11)
  5 orcs
34 creatures vanquished.

Vanquished Creatures (others)
  3 fungi
  7 plants
10 creatures vanquished.

Grand Total: 408 creatures vanquished

Notes
Turn   | Place    | Note
-------+----------+-------------------------------------------
     0 | D:1      | HDogLeCool the Draconian Monk began the quest for the Orb.
     0 | D:1      | Reached XP level 1. HP: 19/19 MP: 1/1
   181 | D:1      | Reached XP level 2. HP: 26/27 MP: 2/2
   220 | D:1      | Learned a level 1 spell: Pain
   470 | D:1      | Reached skill level 4 in Fighting
   494 | D:1      | Reached XP level 3. HP: 32/33 MP: 3/3
   757 | D:1      | Found a faded altar of an unknown god.
   763 | D:1      | Became a worshipper of Makhleb the Destroyer
   763 | D:1      | Reached * piety under Makhleb
   763 | D:1      | Reached ** piety under Makhleb
   932 | D:2      | Gained mutation: Your skin changes colour to match your
                  | surroundings (Stealth+). [potion of mutation]
   932 | D:2      | Gained mutation: Your muscles are strong. (Str +2) [potion
                  | of mutation]
  1238 | D:2      | Found Teoreaf's Armour Shop.
  1360 | D:2      | Reached *** piety under Makhleb
  1587 | D:2      | Found Uruukux's Armour Boutique.
  1610 | D:2      | Reached XP level 4. HP: 15/41 MP: 4/4
  1965 | D:2      | Reached skill level 1 in Necromancy
  1996 | D:2      | Reached skill level 1 in Invocations
  2230 | D:2      | Found Woabloh's Assorted Antiques.
  2434 | D:2      | Reached XP level 5. HP: 47/47 MP: 5/5
  2852 | D:3      | Reached skill level 5 in Fighting
  3836 | D:4      | Noticed an ogre
  3836 | D:4      | Noticed lunatic's ghost (novice DrTm)
  3838 | D:4      | Noticed a yak
  3852 | D:4      | Found a runed translucent gate.
  3852 | D:4      | Found a runed translucent gate.
  3852 | D:4      | Found a runed translucent gate.
  4230 | D:5      | Entered Level 5 of the Dungeon
  4240 | D:5      | Found a glowing drain.
  4259 | D:5      | Reached **** piety under Makhleb
  4286 | Sewer    | Entered a sewer
  4394 | Sewer    | Reached XP level 6. HP: 21/47 MP: 7/7
  4732 | Sewer    | Found a white marble altar of Elyvilon.
  4813 | D:5      | Noticed a water moccasin
  4839 | D:5      | Noticed a neqoxec
  5184 | D:5      | Found a staircase to the Ecumenical Temple.
  5343 | D:5      | Killed a water moccasin
  5347 | D:5      | Identified the +1 pair of gloves of Foolhardiness {Drain
                  | rPois Str+3 Dex+7}
  5395 | D:5      | Reached skill level 6 in Fighting
  5557 | D:5      | Noticed a yak
  5558 | D:5      | Noticed a yak
  5628 | D:5      | Your scales start taking on a lurid green colour.
  5628 | D:5      | Reached XP level 7. HP: 50/63 MP: 7/9
  5628 | D:5      | Gained mutation: Your system is resistant to poisons.
                  | (rPois) [Green Draconian growth]
  5801 | D:5      | Noticed a yak
  5813 | D:5      | Killed a yak
  5898 | D:5      | Killed a yak
  5917 | D:5      | Killed a yak
  5918 | D:5      | Reached skill level 7 in Fighting
  6114 | Temple   | Entered the Ecumenical Temple
  6361 | D:6      | Reached skill level 5 in Polearms
  6638 | D:6      | Reached XP level 8. HP: 73/73 MP: 10/10
  6993 | D:6      | Noticed Maggie
  7028 | D:6      | Killed Maggie
  7029 | D:6      | Reached skill level 8 in Fighting
  7029 | D:6      | Reached skill level 5 in Dodging
  7561 | D:7      | Identified a scroll of acquirement
  7561 | D:7      | Acquired the ring "Siefaw" {rCorr Dex+4 Slay+3}
  7774 | D:7      | Found a bloodstained altar of Trog.
  8154 | D:7      | Reached skill level 5 in Invocations
  8247 | D:7      | Reached XP level 9. HP: 77/82 MP: 12/12
  8576 | D:7      | Reached skill level 9 in Fighting
  9541 | D:8      | Reached skill level 1 in Shields
  9988 | D:9      | Found a snail-covered altar of Cheibriados.
 10038 | D:9      | Noticed a two-headed ogre
 10046 | D:9      | Killed a two-headed ogre
 10047 | D:9      | Reached skill level 10 in Fighting
 10068 | D:9      | Reached XP level 10. HP: 92/93 MP: 14/14
 10324 | D:9      | Reached ***** piety under Makhleb
 10418 | D:9      | Found a staircase to the Orcish Mines.
 10660 | D:10     | Entered Level 10 of the Dungeon
 10725 | D:9      | Reached skill level 5 in Shields
 11177 | D:10     | Found a hazy altar of Hepliaklqana.
 11185 | D:10     | Found a hide-covered altar of Uskayaw.
 11231 | D:10     | Noticed a two-headed ogre
 11241 | D:10     | Killed a two-headed ogre
 11299 | D:10     | Noticed a two-headed ogre
 11310 | D:10     | Killed a two-headed ogre
 11664 | D:10     | Noticed Snorg
 11679 | D:10     | Killed Snorg
 11680 | D:10     | Reached skill level 11 in Fighting
 11920 | D:10     | Reached XP level 11. HP: 96/102 MP: 17/17
 12090 | D:11     | Noticed a green ugly thing
 12485 | D:11     | Found a staircase to the Lair.
 12880 | Lair:1   | Entered Level 1 of the Lair of Beasts
 12963 | Lair:1   | HP: 3/102 [black mamba (16)]
 13128 | Lair:1   | Found a transporter.
 13128 | Lair:1   | Found a transporter.
 13129 | Lair:1   | Noticed RazingBull's ghost (journeyman MiBe)
 13186 | Lair:1   | Found a gate leading to a gauntlet.
 13199 | Gauntlet | Entered a Gauntlet
 13199 | Gauntlet | Found a transporter.
 13199 | Gauntlet | Found a transporter.
 13199 | Gauntlet | Noticed a death scarab
 13211 | Gauntlet | Found a transporter.
 13216 | Gauntlet | Found a transporter.
 13220 | Gauntlet | Noticed a fire crab
 13223 | Gauntlet | Found a transporter.
 13227 | Gauntlet | Found a transporter.
 13232 | Gauntlet | Noticed a catoblepas
 13235 | Gauntlet | Found a transporter.
 13249 | Gauntlet | Noticed a wizard
 13251 | Gauntlet | Noticed a wizard
 13252 | Gauntlet | Found a transporter.
 13273 | Gauntlet | Found a transporter.
 13277 | Gauntlet | Found a transporter.
 13285 | Gauntlet | Found a transporter.
 13289 | Gauntlet | Found a transporter.
 13290 | Gauntlet | Found a runed translucent door.
 13321 | Gauntlet | Noticed an oklob plant
 14113 | Lair:1   | Reached XP level 12. HP: 110/112 MP: 19/19
 14435 | Lair:2   | Reached skill level 12 in Fighting
 14874 | Lair:2   | Reached skill level 10 in Shields
 15011 | Lair:2   | Found a hole to the Spider Nest.
 15371 | Lair:3   | Noticed a four-headed hydra
 15399 | Lair:3   | Found a staircase to the Shoals.
 15530 | Orc:1    | Entered Level 1 of the Orcish Mines
 15588 | Orc:1    | Found Lolaal's Weapon Shoppe.
 15617 | Orc:2    | Entered Level 2 of the Orcish Mines
 15683 | Orc:2    | Noticed an orc warlord
 15702 | Orc:2    | Killed an orc warlord
 15921 | Orc:1    | Reached skill level 10 in Invocations
 16228 | Orc:1    | Reached skill level 10 in Polearms
 16952 | Orc:2    | Found a staircase to the Elven Halls.
 17115 | Orc:2    | Noticed an orc warlord
 17386 | Orc:2    | Noticed an orc high priest
 17608 | Orc:1    | Killed an orc high priest
 17969 | Orc:2    | Noticed an orc high priest
 17976 | Orc:2    | Paralysed by an orc sorcerer for 7 turns
 18847 | D:12     | Noticed a two-headed ogre
 18856 | D:12     | Killed a two-headed ogre
 19021 | D:12     | Noticed a two-headed ogre
 19036 | D:12     | Killed a two-headed ogre
 19186 | D:12     | Noticed a two-headed ogre
 19195 | D:12     | Killed a two-headed ogre
 19196 | D:12     | Reached XP level 13. HP: 119/119 MP: 20/20
 19777 | D:12     | HP: 2/119 [death knight/+4 vorpal halberd (4)]
 19778 | D:12     | Demolished by a death knight

Illustrated notes

Levels and vault maps discovered:
D:1:      dpeg_arrival_brainrot, layout_rooms,
          hellmonk_ecumenical_altar_inner_sanctum, kennysheep_doodads,
          minmay_tall_x
D:2:      layout_loops_ring, serial_shops, nicolae_shop_overgrown_old_shop,
          shop, nicolae_shop_crystal
D:3:      layout_loops_ring, hangedman_decor_opposing
D:4:      layout_basic, gammafunk_ghost_split
D:5:      layout_loops_ring, minmay_temple_entry_butterflies,
          portal_sewer_entry_b, minivault_1, chequers_avenue
D:6:      layout_basic, grunt_decor_clamped, uniq_maggie
D:7:      layout_rooms, lemuel_coloured_pillars_altar
D:8:      layout_loops_corners
D:9:      layout_basic, lemuel_crystal_altar, orc_0_dummy
D:10:     layout_long_grid, minitemple, uniq_snorg
D:11:     cheibrodos_elevator_heist, layout_cave_pools, lair_entry_dummy,
          the_bakery
D:12:     layout_grid_maze
Temple:   compressed_dpeg_circular_temple
Lair:1:   layout_cave_shapes, gammafunk_ghost_hive, gauntlet_entry_generic,
          ldierk_geyser, chequers_serial_rivers_large_b,
          chequers_serial_rivers_room_a, grunt_forest_large_clearings
Lair:2:   layout_chaotic_city, spider_nest_entry_web_field
Lair:3:   layout_chaotic_city, minmay_shoals_entry_beasts
Orc:1:    nicolae_orc_accident_3, layout_caves, serial_shops, shop
Orc:2:    st_orc_congregation, layout_diamond_mine, minmay_orc_barracks

Skill      XL: |  1  2  3  4  5  6  7  8  9 10 11 12 |
---------------+-------------------------------------+-----
Dodging        | 3 4 5 |  5.9
Fighting       | 4 5 6 7 8 10 11 12 | 12.9
Necromancy     | 1 |  1.0
Invocations    | 1 2 3 5 6 8 9 10 | 10.8
Polearms       | 4 5 6 7 8 9 10 | 10.6
Shields        | 3 6 9 11 | 11.6
Stealth        | |  1.7

Action                   |  1- 3 |  4- 6 |  7- 9 | 10-12 | 13-15 || total
-------------------------+-------+-------+-------+-------+-------++-------
Melee: Spear             |   164 |   264 |   297 |       |       ||   725
       Tailslap          |    18 |    26 |    58 |   159 |    11 ||   272
       Trident           |       |       |    34 |   700 |    62 ||   796
Throw: Stone             |     1 |     3 |     2 |     5 |       ||    11
Invok: Minor Destruction |     4 |    10 |    23 |    45 |       ||    82
       Lesser Servant of |       |     2 |     2 |    23 |     1 ||    28
       Major Destruction |       |       |       |     1 |       ||     1
 Abil: Breathe Noxious F |       |       |     6 |     9 |     1 ||    16
  Use: Potion            |     4 |     9 |       |     9 |     2 ||    24
       Scroll            |       |     5 |    11 |     6 |       ||    22
 Stab: Sleeping          |     9 |    14 |    10 |    14 |     1 ||    48
       Distracted        |       |     2 |     3 |     7 |       ||    12
       Confused          |       |       |    12 |     9 |     3 ||    24
       Invisible         |       |       |       |     1 |       ||     1
Armor: Skin              |    36 |    53 |    73 |   159 |    10 ||   331
Dodge: Dodged            |    69 |   103 |   138 |   343 |    23 ||   676
Block: Kite shield       |       |       |     9 |   401 |    43 ||   453

Table legend: (Time is in decaauts)
 A = Elapsed time spent in this place.
 B = Non-inter-level travel time spent in this place.
 C = Inter-level travel time spent in this place.
 D = Time resting spent in this place.
 E = Time spent auto-exploring this place.
 F = Levels seen in this place.
 G = Mean time per level.
                   A        B        C        D        E       F      G
               +--------+--------+--------+--------+--------+-----+--------+
         Total |  19741 |  18648 |   1093 |   5417 |   9365 |  20 |  987.0 |
       Dungeon |  13304 |  12389 |    915 |   2592 |   7323 |  12 | 1108.7 |
        Temple |    126 |     90 |     36 |      0 |     89 |   1 |  126.0 |
          Lair |   2427 |   2324 |    103 |    379 |   1490 |   3 |  809.0 |
  Orcish Mines |   3180 |   3141 |     39 |   2186 |    342 |   2 | 1590.0 |
         Sewer |    563 |    563 |      0 |    260 |    120 |   1 |  563.0 |
      Gauntlet |    139 |    139 |      0 |      0 |      0 |   1 |  139.0 |
               +--------+--------+--------+--------+--------+-----+--------+

Top non-repeatable levels by time:
   Orc:1: 2117 daAuts
  Lair:1: 1631 daAuts
     D:2: 1610 daAuts
     D:6: 1355 daAuts
     D:8: 1303 daAuts
     D:4: 1235 daAuts
    D:10: 1229 daAuts
     D:5: 1220 daAuts
     D:9: 1105 daAuts
   Orc:2: 1062 daAuts
    D:12: 938 daAuts
     D:7: 918 daAuts
     D:1: 858 daAuts
    D:11: 850 daAuts
  Lair:2: 787 daAuts
